 Dungeon Crawl Stone Soup version 0.19-a0-475-gfca3800 (webtiles) character file.

65 wvc the Twirler (level 3, -7/23 HPs)
             Began as a High Elf Wanderer on June 4, 2016.
             Mangled by a worm (11 damage)
             ... on level 2 of the Dungeon.
             The game lasted 00:02:17 (1168 turns).

wvc the Twirler (High Elf Wanderer)                 Turns: 1168, Time: 00:02:17

Health: -7/23      AC:  3    Str: 12    XL:     3   Next: 92%
Magic:  4/4        EV: 12    Int: 15    God:
Gold:   98         SH:  0    Dex: 15    Spells: 0 memorised, 2 levels left

rFire  . . .     SeeInvis .     a - +2 quarterstaff
rCold  . . .     Gourm    .     j - +0 leather armour
rNeg   . . .     Faith    .     (shield currently unavailable)
rPois  .         Spirit   .     (no helmet)
rElec  .         Dismiss  .     (no cloak)
rCorr  .         Reflect  .     (no gloves)
SustAt .         Harm     .     (no boots)
MR     .....                    (no amulet)
Stlth  ++........               (no ring)
                                (no ring)

@: not resistant to hostile enchantments, unstealthy
A: no striking features
a: no special abilities


You were on level 2 of the Dungeon.
You were not hungry.

You visited 1 branch of the dungeon, and saw 2 of its levels.

You collected 98 gold pieces.

Inventory:

Hand Weapons
 a - a +2 quarterstaff (weapon)
Armour
 j - a +0 leather armour (worn)
Scrolls
 g - a scroll of identify
Potions
 d - a potion of degeneration
Comestibles
 f - 2 bread rations


   Skills:
 + Level 1.2 Fighting
   Level 1.2 Long Blades
 * Level 4.1 Staves
 - Level 1.0 Throwing
 + Level 0.3 Armour
 - Level 2.1 Dodging
 - Level 3.2 Stealth


You had 2 spell levels left.
You didn't know any spells.

Dungeon Overview and Level Annotations

Branches:
Dungeon (2/15)

Altars:


Message History

You hit the worm.
The worm is moderately wounded.
You hit the worm but do no damage.
The worm is moderately wounded.
You feel less woody.
Your +0 leather armour unmelds from your body.
The goblin no longer looks unusually strong.
The goblin hits you but does no damage. The worm misses you.
The goblin barely misses you.
Okay, then.
You hit the worm.
The worm is moderately wounded.
The worm misses you. The goblin barely misses you.
You hit the worm.
The worm is moderately wounded.
The goblin hits you but does no damage.
You hit the worm.
The worm is heavily wounded.
The worm bites you!
You die...

#)####.##########..
#.##.......# #.#
###)##.#.#.#.# #.#
#............# #.#
#......#.#.#.# #..
#............######+#
##<..#.#.#.#.........
#.#w#...............
#g#@#...###.........
#.#g###.# ##........
#g#g# #.# #........
#.#g###.# #........
#....##.# #........
###..##.# #...[....
#..##.# #########
#..##.# # #..# #


You could see a worm, a hobgoblin and 2 goblins.

Vanquished Creatures
  Robin (D:2)
  A worm (D:2)
  5 dart slugs
  3 bats
  A giant cockroach (D:1)
  10 goblins
  4 hobgoblins
  3 jackals (D:1)
  2 ball pythons (D:2)
  A giant newt (D:1)
  2 kobolds
  6 rats
39 creatures vanquished.

Notes
Turn   | Place    | Note
--------------------------------------------------------------
     0 | D:1      | wvc the High Elf Wanderer began the quest for the Orb.
     0 | D:1      | wvc set off with: a +2 quarterstaff, a +0 short sword, a potion of lignification, a +0 robe, a +0 dagger, a bread ration
     0 | D:1      | Reached XP level 1. HP: 13/13 MP: 2/2
     2 | D:1      | Noticed a spriggan
     2 | D:1      | Noticed an ogre
     4 | D:1      | Noticed a minotaur
     6 | D:1      | Noticed a centaur
     6 | D:1      | Noticed a troll
     8 | D:1      | Noticed a vampire
     8 | D:1      | Noticed a demigod
    10 | D:1      | Noticed a merfolk
    12 | D:1      | Noticed a demonspawn
    14 | D:1      | Noticed a dwarf
    14 | D:1      | Noticed a halfling
    16 | D:1      | Noticed a gargoyle
    16 | D:1      | Noticed a human
    18 | D:1      | Noticed a vine stalker
    18 | D:1      | Noticed a felid
    20 | D:1      | Noticed a naga
    20 | D:1      | Noticed an octopode
    22 | D:1      | Noticed a tengu
    22 | D:1      | Noticed a formicid
    24 | D:1      | Noticed a ghoul
    24 | D:1      | Noticed a draconian
    26 | D:1      | Noticed an elf
   169 | D:1      | Reached XP level 2. HP: 9/18 MP: 3/3
   228 | D:1      | Reached skill level 3 in Staves
   863 | D:2      | Reached XP level 3. HP: 22/23 MP: 4/4
  1116 | D:2      | Noticed Robin
  1159 | D:2      | Killed Robin
  1159 | D:2      | Reached skill level 4 in Staves
  1168 | D:2      | Mangled by a worm

Vault maps used:
D:1:      kb_arrival_jail
D:2:      serial_glass, glass_columns_b, glass_columns_b, lemuel_another_geyser,
          uniq_robin

Skill      XL: |  1  2  3 |
---------------+----------+-----
Staves         | 3 4 |  4.1
Fighting       | |  1.2
Long Blades    | |  1.2
Throwing       | |  1.0
Armour         | |  0.3
Dodging        | |  2.1
Stealth        | |  3.2

Action                   || total
-------------------------++-------
Melee: Quarterstaff      ||   108
  Use: Scroll            ||     3
       Potion            ||     1
 Stab: Sleeping          ||     3
       Distracted        ||     1
  Eat: Chunk             ||     1
Armor: Robe              ||     9
       Leather armour    ||    19
       Skin              ||    22
Dodge: Dodged            ||    73
